 Dungeon Crawl Stone Soup version 0.31-a0-844-gdc52ec4e09 (webtiles) character file.

Game seed: 16899168194785765653

4862 pop123321pop the Basher (level 10, -12/142 HPs)
             Began as a Minotaur Berserker on Oct 1, 2023.
             Was an Elder of Trog.
             Mangled by Erolcha
             ... wielding a +0 giant spiked club
              (29 damage)
             ... on level 9 of the Dungeon.
             The game lasted 00:11:09 (10423 turns).

pop123321pop the Basher (Minotaur Berserker)       Turns: 10423, Time: 00:11:10

Health: -12/142    AC: 14    Str: 21    XL:     10   Next: 26%
Magic:  9/9        EV: 11    Int:  4    God:    Trog [****..]
Gold:   548        SH:  0    Dex: 15    Spells: 9/9 levels left

rFire   . . .        g - +5 club
rCold   . . .        (no shield)
rNeg    . . .        a - +4 scale mail {rPois}
rPois   +            (helmet restricted)
rElec   .            (no cloak)
rCorr   +            j - +0 pair of gloves
SInv    .            (no boots)
Will    .....        (no amulet) Stlth
                     n - ring of resist corrosion
HPRegen 0.43/turn    (no ring)
MPRegen 0.11/turn

%: no passive effects
@: berserking, very quick
A: horns 2, retaliatory headbutt
a: Renounce Religion, Berserk, Trog's Hand, Brothers in Arms


You were on level 9 of the Dungeon.
You worshipped Trog.
Trog was greatly pleased with you.
You visited 1 branch of the dungeon, and saw 9 of its levels.

You collected 548 gold pieces.

Inventory:

Hand Weapons
 g - a +5 club (weapon)
Missiles
 E - a throwing net
Armour
 a - a +4 scale mail of poison resistance (worn)
 j - a +0 pair of gloves (worn)
Jewellery
 n - a ring of resist corrosion (left hand)
 v - a ring of magical power
 y - an amulet of reflection
 F - an amulet of the acrobat
 H - a ring of magical power
Wands
 l - a wand of acid (15)
 o - a wand of iceblast (27)
 x - a wand of flame (18)
 A - a wand of mindburst (13)
 K - a wand of digging (4)
Scrolls
 b - 4 scrolls of immolation
 d - 3 scrolls of teleportation
 e - a scroll of summoning
 f - a scroll of fog {unknown}
 h - 2 scrolls of torment {unknown}
 i - 3 scrolls of poison
 p - a scroll of noise {unknown}
 q - 2 scrolls of amnesia
 r - a scroll of revelation {unknown}
 t - a scroll of blinking {unknown}
 u - a scroll of identify
 B - a scroll of vulnerability {unknown}
 D - a scroll of acquirement {unknown}
 J - a scroll of fear {unknown}
Potions
 c - 4 potions of haste {unknown}
 k - 2 potions of lignification {unknown}
 m - 2 potions of degeneration {unknown}
 s - 7 potions of brilliance {unknown}
 w - a potion of invisibility {unknown}
 z - 6 potions of curing {unknown}
 C - a potion of cancellation {unknown}
 G - a potion of ambrosia {unknown}
 I - a potion of attraction {unknown}


   Skills:
 - Level 11.0 Fighting
 - Level 12.2 Maces & Flails
 * Level 9.5 Armour
 - Level 2.1 Dodging


You had 9 spell levels left.
You didn't know any spells.
Your spell library was empty.

Dungeon Overview and Level Annotations

Branches:
Dungeon (9/15)             Temple (0/1) D:5
   Lair: D:8-11         Orc: D:9-12

Altars:
Ashenzari
Elyvilon
Kikubaaqudgha
Okawaru
Qazlal
Trog
Uskayaw
Xom
Zin
Lugonu

Shops:
D:5 =   D:7 *

Portals:
Abyss: D:8

Annotations:
D:9 Erolcha


Innate Abilities, Weirdness & Mutations

You have a pair of horns on your head.
You reflexively headbutt those who attack you in melee.


Message History

Found a stone staircase leading down.
The portcullis has been lowered almost to the ground.
The walls and floor vibrate strangely for a moment.
Found a scale mail.
Found a stone staircase leading up.
You see here a +0 scale mail.
K - a wand of digging (4)
There is a stone staircase leading up here.
You see here a +0 hand axe.
Erolcha the Cunning comes into view.
She is wielding a +0 giant spiked club.
Erolcha casts a spell.
Erolcha flickers and vanishes!
Deactivating autopickup; reactivate with Ctrl-A.
There is a strange disturbance nearby!
No target in view!
Unknown command.
No target in view!
Unknown command.
No target in view!
Unknown command.
No target in view!
There is a strange disturbance nearby!
No target in view!
There is a strange disturbance nearby!
No target in view!
Found a scroll labelled FEDUUHICUS.
You closely miss something. Your headbutt misses something.
Your punch misses something. Something hits you!
You hit something. You hit something. Something hits you!
You hit something. You headbutt something. You thump something!
Something hits you!!!
You hit something but do no damage. You hit something. You headbutt something.
You hit something but do no damage. Your headbutt misses something.
Something hits you!!
* * * LOW HITPOINT WARNING * * *
A red film seems to cover your vision as you go berserk!
You feel yourself moving faster!
You feel mighty! Something hits you!!
You die...

#..## #...## ###..##
##..## . ##..## ...
##..# ....##########
##). .............## ##.
......{@......### #.
?.##########....#######.
###..........
######..... ######


There were no monsters in sight!

Vanquished Creatures
  A two-headed ogre (D:8)
  Pikel (D:9)
  Jeremiah (D:6)
  Prince Ribbit (D:9)
  Grinder (D:5)
  2 steam dragons
  Menkaure (D:7)
  Duvessa (D:4)
  4 water moccasins
  An ice beast (D:5)
  An orc warrior (D:7)
  A black bear (D:6)
  A centaur (D:9)
  A phantom (D:6)
  4 bullfrogs
  5 scorpions
  Dowan (D:4)
  3 killer bees (D:9)
  6 howler monkeys (D:7)
  2 jellies
  3 hounds
  An orc priest (D:8)
  Terence (D:2)
  Jessica (D:2)
  Natasha (twice) (D:2)
  2 iguanas
  5 orc wizards
  A mummy (D:8)
  8 adders
  11 gnolls
  4 shadow imps
  3 ufetubi
  3 dart slugs (D:1)
  27 orcs
  5 bats
  3 endoplasms (D:1)
  7 giant cockroaches
  10 goblins
  7 hobgoblins
  2 jackals (D:2)
  5 quokkas
  8 ball pythons
  3 frilled lizards (D:1)
  14 kobolds
  5 rats
  A lurking horror (D:8)
181 creatures vanquished.

Vanquished Creatures (others)
  A sky beast (D:7)
1 creature vanquished.

Grand Total: 182 creatures vanquished

Notes
Turn   | Place    | Note
-------+----------+-------------------------------------------
     0 | D:1      | pop123321pop the Minotaur Berserker began the quest for the
                  | Orb.
     0 | D:1      | Reached XP level 1. HP: 19/19 MP: 0/0
    61 | D:1      | Reached skill level 4 in Maces & Flails
   117 | D:1      | Reached XP level 2. HP: 11/26 MP: 1/1
   629 | D:1      | Reached skill level 5 in Maces & Flails
   845 | D:1      | Reached XP level 3. HP: 31/31 MP: 2/2
  1354 | D:2      | Noticed Terence
  1361 | D:2      | Killed Terence
  1363 | D:2      | Reached ** piety under Trog
  1551 | D:2      | Found a faded altar of an unknown god.
  1742 | D:2      | Reached XP level 4. HP: 39/39 MP: 3/3
  1779 | D:2      | Reached skill level 6 in Maces & Flails
  1920 | D:2      | Noticed Natasha
  1925 | D:2      | Killed Natasha
  1981 | D:2      | Noticed Jessica
  1995 | D:2      | Killed Jessica
  2628 | D:3      | Reached XP level 5. HP: 45/45 MP: 4/4
  2755 | D:3      | Reached skill level 7 in Maces & Flails
  2924 | D:3      | Found a shimmering altar of Xom.
  3336 | D:2      | Noticed Natasha
  3340 | D:2      | Killed Natasha
  3414 | D:4      | Reached skill level 8 in Maces & Flails
  3546 | D:4      | Reached XP level 6. HP: 43/51 MP: 5/5
  3804 | D:4      | Noticed Dowan
  3805 | D:4      | Noticed Duvessa
  3816 | D:4      | Killed Duvessa
  3817 | D:4      | Reached skill level 9 in Maces & Flails
  3823 | D:4      | Killed Dowan
  4440 | D:5      | Entered Level 5 of the Dungeon
  4529 | D:5      | Reached XP level 7. HP: 57/57 MP: 6/6
  4543 | D:5      | Reached skill level 10 in Maces & Flails
  4787 | D:5      | Found Cownis's Jewellery Shop.
  4792 | D:5      | Reached skill level 11 in Maces & Flails
  4919 | D:5      | Found a staircase to the Ecumenical Temple.
  5019 | D:5      | Reached XP level 8. HP: 58/64 MP: 7/7
  5221 | D:5      | Noticed Grinder
  5229 | D:5      | Paralysed by Grinder for 2 turns
  5243 | D:5      | Killed Grinder
  5244 | D:5      | Reached skill level 12 in Maces & Flails
  5398 | D:5      | Reached *** piety under Trog
  5634 | D:6      | Reached skill level 5 in Fighting
  5862 | D:6      | Noticed Jeremiah
  5875 | D:6      | Killed Jeremiah
  6107 | D:6      | Found a glowing drain.
  6537 | D:7      | Found a hide-covered altar of Uskayaw.
  6620 | D:7      | Reached XP level 9. HP: 56/82 MP: 8/8
  7113 | D:7      | Reached skill level 10 in Fighting
  7144 | D:7      | Noticed Menkaure
  7163 | D:7      | Killed Menkaure
  7164 | D:7      | Reached **** piety under Trog
  7798 | D:7      | Found a broken altar of Ashenzari.
  7809 | D:7      | Found an ancient bone altar of Kikubaaqudgha.
  7867 | D:7      | Found an iron altar of Okawaru.
  8076 | D:7      | Found Zin's Purification Station.
  8081 | D:7      | Found a glowing silver altar of Zin.
  8278 | D:8      | Found a corrupted altar of Lugonu.
  8280 | D:8      | Found a one-way gate to the infinite horrors of the Abyss.
  8546 | D:8      | Found a bloodstained altar of Trog.
  8794 | D:8      | Noticed a two-headed ogre
  8804 | D:8      | HP: 6/133 [two-headed ogre/+0 giant club (17)]
  8806 | D:8      | Killed a two-headed ogre
  9181 | D:8      | Found a white marble altar of Elyvilon.
  9221 | D:8      | Found a stormy altar of Qazlal.
  9458 | D:8      | Reached XP level 10. HP: 84/95 MP: 9/9
  9631 | D:9      | Identified the +2 robe "Xov Tiuh" {rPois rC++ Dex-4
                  | Archmagi}
  9671 | D:9      | Noticed Pikel
  9683 | D:9      | Killed Pikel
  9756 | D:9      | Noticed Prince Ribbit
  9781 | D:9      | Killed Prince Ribbit
  9975 | D:9      | Found a flagged portal.
 10411 | D:9      | Noticed Erolcha
 10423 | D:9      | Mangled by Erolcha

Illustrated notes

Levels and vault maps discovered:
D:1:      dpeg_arrival_rhombus, layout_basic
D:2:      layout_basic, chequers_ecumenical_altar_simple, uniq_terence,
          uniq_natasha, uniq_jessica
D:3:      layout_loops_ring, mainiacjoe_overflow_alcove_1,
          minmay_misc_feat_plants
D:4:      layout_loops_corners, uniq_duvessa
D:5:      layout_basic, minmay_temple_entry_sparse_star, serial_shops, shop,
          uniq_grinder
D:6:      minmay_spotlight, layout_basic, gup_sewer_entry_pipe, uniq_jeremiah
D:7:      corexii_shantytown, layout_layer_cave, okawaru_trees_1, zin_purify,
          mainiacjoe_overflow_surrounded_room, general_overflow_altar,
          mainiacjoe_overflow_chevrons, uniq_menkaure
D:8:      layout_loops_ring, bloody_trog, elyvilon_altar_4, marbit_many_paths,
          gup_ossuary_entry_pyramid, serial_rivers,
          chequers_serial_rivers_small_3, chequers_serial_rivers_micro_b,
          chequers_serial_rivers_small_b, chequers_serial_rivers_micro_a,
          chequers_serial_rivers_micro_e, minmay_misc_feat_tower,
          amcnicky_altar_lugonu_corruption
D:9:      layout_layer_cave, enter_bailey_5, uniq_psyche, uniq_prince_ribbit1,
          uniq_pikel, uniq_erolcha

Skill      XL: |  1  2  3  4  5  6  7  8  9 10 |
---------------+-------------------------------+-----
Maces & Flails | 4 5 6 8 9 11 12 | 12.2
Fighting       | 8 11 | 11.0
Armour         | 7 9 |  9.5
Dodging        | |  2.1

Action                     |  1- 3 |  4- 6 |  7- 9 | 10-12 || total
---------------------------+-------+-------+-------+-------++-------
  Melee: Mace              |    76 |    21 |       |       ||    97
         Headbutt          |     3 |    18 |    75 |     7 ||   103
         Whip              |       |    47 |       |       ||    47
         Club              |       |    46 |   326 |    58 ||   430
         Punch             |       |       |     3 |       ||     3
 Invoke: Berserk           |     1 |     2 |     4 |     2 ||     9
    Use: Scroll            |       |     2 |     3 |       ||     5
   Stab: Held in net/web   |       |       |     1 |       ||     1
 Armour: Animal skin       |    42 |       |       |       ||    42
         Ring mail         |     1 |    12 |       |       ||    13
         Scale mail        |       |    64 |   205 |    45 ||   314
  Dodge: Dodged            |    51 |    60 |   112 |    25 ||   248

Table legend: (Time is in decaauts)
 A = Elapsed time spent in this place.
 B = Non-inter-level travel time spent in this place.
 C = Inter-level travel time spent in this place.
 D = Time resting spent in this place.
 E = Time spent auto-exploring this place.
 F = Levels seen in this place.
 G = Mean time per level.
                   A        B        C        D        E       F      G
               +--------+--------+--------+--------+--------+-----+--------+
         Total |  10397 |   9732 |    665 |   1921 |   6636 |   9 | 1155.2 |
       Dungeon |  10397 |   9732 |    665 |   1921 |   6636 |   9 | 1155.2 |
               +--------+--------+--------+--------+--------+-----+--------+

Top non-repeatable levels by time:
     D:7: 1736 daAuts
     D:2: 1473 daAuts
     D:8: 1390 daAuts
     D:1: 1375 daAuts
     D:5: 1151 daAuts
     D:4: 1059 daAuts
     D:6: 862 daAuts
     D:9: 789 daAuts
     D:3: 558 daAuts
